 Dungeon Crawl Stone Soup version 0.22-a0-301-gf0fe05c (webtiles) character file.

24189 4thArraOfDagon the Zephyrmancer (level 12, 0/96 HPs)
             Began as a Demigod Necromancer on Mar 27, 2018.
             Slain by a wraith (7 damage)
             ... led by Josephine
             ... on level 2 of the Orcish Mines.
             The game lasted 00:46:54 (9366 turns).

4thArraOfDagon the Zephyrmancer (DgNe)              Turns: 9366, Time: 00:46:54

Health: 0/96       AC: 12    Str: 11    XL:     12   Next: 44%
Magic:  35/38      EV: 12    Int: 34    God:
Gold:   125        SH:  0    Dex: 12    Spells: 3/29 levels left

rFire    . . .     SeeInvis +   G - +7 flail "Zousejui" {freeze, Int+7 Dex-4 Stlth+}
rCold    . . .     Gourm    .   (no shield)
rNeg     . . .     Faith    .   j - +1 ring mail {MR+}
rPois    .         Spirit   .   R - +2 hat
rElec    .         Reflect  .   E - +0 cloak {+Inv}
rCorr    .         Harm     .   Q - +0 pair of gloves
MR       +++..                  x - +0 pair of boots
Stlth    ++........             (no amulet)
HPRegen  1.26/turn              O - ring of see invisible
MPRegen  0.26/turn              L - ring "Zapekk" {Wiz +Blink MR+ MP+9}

@: regenerating, slowed, heavily drained, invisible, very slow
A: high mp 1
a: Evoke Blink


You were on level 2 of the Orcish Mines.
You were not hungry.

You visited 2 branches of the dungeon, and saw 17 of its levels.

You collected 1568 gold pieces.
You spent 1443 gold pieces at shops.

Inventory:

Hand Weapons
 t - a +1 great mace of protection
 G - the +7 flail "Zousejui" (weapon) {freeze, Int+7 Dex-4 Stlth+}
   (You found it on level 11 of the Dungeon)

   It has been specially enchanted to freeze those struck by it, causing extra
   injury to most foes and up to half again as much damage against particularly
   susceptible opponents.
   It can also slow down cold-blooded creatures.
   It affects your intelligence (+7).
   It affects your dexterity (-4).
   It makes you more stealthy.
Armour
 a - a +0 robe
 g - a +1 robe of cold resistance
 h - a +1 robe of cold resistance
 j - a +1 ring mail of magic resistance (worn)
 r - a +0 cloak
 x - a +0 pair of boots (worn)
 B - a +2 helmet
 C - a +2 cloak
 E - a +0 cloak of invisibility (worn)
 Q - a +0 pair of gloves (worn)
 R - a +2 hat (worn)
 T - the +1 robe "Lubaiwov" {+Inv rPois Dex-5}
   (You bought it in a shop on level 2 of the Orcish Mines)

   It affects your dexterity (-5).
   It protects you from poison.
   It lets you turn invisible.
Magical Staves
 J - an uncursed staff of air
Jewellery
 d - an uncursed ring of protection from magic
 o - an uncursed ring of flight
 L - the ring "Zapekk" (right hand) {Wiz +Blink MR+ MP+9}
   (You bought it in a shop on level 2 of the Orcish Mines)

   [ring of wizardry]

   It improves your spell success rate.
   It affects your resistance to hostile enchantments.
   It affects your magic capacity (+9).
   It lets you blink.
 O - a ring of see invisible (left hand)
Wands
 s - a wand of digging (9)
 u - a wand of polymorph (21)
 y - a wand of disintegration (21)
 D - a wand of flame (25)
Scrolls
 b - 2 scrolls of magic mapping {unknown}
 f - a scroll of teleportation
 k - a scroll of enchant armour {unknown}
 n - 2 scrolls of amnesia {unknown}
 p - 6 scrolls of remove curse
 q - a scroll of enchant weapon
 w - a scroll of fog {unknown}
 z - a scroll of fear {unknown}
 I - 2 scrolls of immolation {unknown}
 M - a scroll of torment {unknown}
 S - a scroll of summoning {unknown}
Potions
 e - 2 potions of agility
 i - a potion of resistance
 l - 3 potions of might
 m - 2 potions of cancellation
 F - 2 potions of berserk rage {unknown}
 K - 2 potions of curing
 N - a potion of invisibility
 P - a potion of mutation {unknown}
Miscellaneous
 A - a lamp of fire (inert)
Comestibles
 c - 6 rations


   Skills:
 - Level 6.0(4.6) Fighting
 - Level 5.2(3.8) Armour
 - Level 6.1(4.7) Dodging
 - Level 1.7(0.5) Stealth
 + Level 9.2(7.6) Spellcasting
 - Level 10.0(8.5) Necromancy
 * Level 11.0(9.4) Air Magic


You had 3 spell levels left.
You knew the following spells:

 Your Spells              Type           Power        Failure   Level  Hunger
a - Pain                  Necr           ####         1%          1    None
b - Vampiric Draining     Necr           ######....   1%          3    None
c - Regeneration          Chrm/Necr      #####.....   1%          3    None
d - Animate Dead          Necr           N/A          1%          4    None
e - Tornado               Air            ######....   100%        9    #######
f - Mephitic Cloud        Conj/Pois/Air  ####....     2%          3    None
g - Conjure Flame         Conj/Fire      ##......     9%          3    None


Dungeon Overview and Level Annotations

Branches:
Dungeon (15/15)               Orc (2/2) D:9             Elf (0/3) Orc:2
 Temple: D:4-7         Lair: D:8-11      Vaults: D:13-14     Depths: D:15

Shops:
Orc:2 =*([

Annotations:
D:7 Duvessa
D:12 Fannar
D:13 Rupert, Urug


Innate Abilities, Weirdness & Mutations

You have an increased reservoir of magic. (+10% MP)


Message History

Unknown command.
Casting: Regeneration (safe; 1% risk of failure)
Confirm with . or Enter, or press ? or * to list all spells.
Aiming: Vampiric Draining (safe; 1% risk of failure)
Press: ? - help, Shift-Dir - straight line, f - orc warrior
Aim: an orc warrior, wielding a broad axe of flaming and wearing a chain mail
Okay, then.
Unknown command.
Casting: Vampiric Draining (safe; 1% risk of failure)
Confirm with . or Enter, or press ? or * to list all spells.
Your skin crawls.
The wraith hits you but does no damage.
The orc warrior hits you with a broad axe of flaming!
* * * LOW HITPOINT WARNING * * *
The orc warrior burns you.
* * * LOW HITPOINT WARNING * * *
Unknown command.
You fade into invisibility!
The wraith closely misses you. The orc warrior barely misses you.
The wraith hits you!
You die...

###...######.##.##
.......#..#......#
...........#.....##
..........###.....#
...P......###.....#
...........#.....#
∩......#.........##
.....P..#.........#
.......##.....#W@##
.P............Oo##
P.............WoW#
.................#
...........#.....##
..................#
.............[....#
..................#
.................##


You could see 2 wraiths, an orc warrior, an ogre and an orc.

Vanquished Creatures
  A hydra (D:11)
  2 centaur warriors (D:14)
  2 two-headed ogres
  An orc high priest (Orc:2)
  An unseen horror (D:15)
  7 orc knights
  5 ugly things
  2 cyclopes
  3 orc sorcerers
  A centaur zombie (D:11)
  2 trolls
  2 hippogriffs
  A wyvern (D:9)
  2 shadows
  8 yaks
  2 vampire mosquitoes (D:14)
  5 wargs
  21 orc warriors
  A necrophage (D:9)
  4 ice beasts
  A wolf (D:9)
  A sky beast (D:8)
  9 ogres
  4 centaurs
  A crocodile (D:14)
  A big kobold (D:11)
  2 bullfrogs
  2 wyvern skeletons
  Dowan (D:7)
  2 scorpions
  2 howler monkeys (D:11)
  9 wights
  4 crimson imps
  8 hounds
  A bullfrog zombie (D:5)
  6 orc priests
  7 jellies
  8 orc wizards
  3 bullfrog skeletons
  A centaur skeleton (D:4)
  4 iguanas
  4 worker ants
  Terence (D:3)
  A hound zombie (D:7)
  A hound skeleton (D:10)
  A howler monkey zombie (D:9)
  3 gnolls (D:7)
  5 adders
  A shadow imp (D:6)
  An adder zombie (D:9)
  An adder skeleton (D:4)
  A dart slug (D:3)
  4 leopard geckos
  29 orcs
  A ball python (D:6)
  A goblin (D:2)
  2 hobgoblins (D:3)
  2 jackals (D:7)
  5 quokkas
  2 bats
  3 frilled lizards
  A jackal skeleton (D:4)
  A jackal zombie (D:5)
  12 kobolds
  A leopard gecko zombie (D:5)
  A quokka skeleton (D:4)
  2 rats
237 creatures vanquished.

Vanquished Creatures (collateral kills)
  Josephine (Orc:2)
  The ghost of vishdafish the Carver, a journeyman VSFi of Nemelex Xobeh (D:10)
  An unseen horror (D:11)
  A deep elf mage (D:14)
  2 orc knights (Orc:1)
  A gargoyle (D:11)
  A centaur skeleton (D:11)
  A wolf spider simulacrum (D:14)
  Grum (D:10)
  2 hungry ghosts
  3 orc warriors
  5 ogres
  4 wolves (D:10)
  2 big kobolds
  A bullfrog (D:14)
  3 hounds
  An orc priest (D:10)
  3 orc wizards
  A worker ant zombie (D:11)
  A shadow imp (D:10)
  An adder zombie (D:10)
  A leopard gecko (D:10)
  6 orcs
  A quokka (D:10)
  3 kobolds
  A fungus (Orc:2)
49 creatures vanquished.

Vanquished Creatures (others)
  An orc (Orc:2)
  2 fungi (Orc:2)
  A plant (D:14)
4 creatures vanquished.

Grand Total: 290 creatures vanquished

Notes
Turn   | Place    | Note
-------+----------+-------------------------------------------
     0 | D:1      | 4thArraOfDagon the Demigod Necromancer began the quest for the Orb.
     0 | D:1      | Reached XP level 1. HP: 14/14 MP: 5/5
    14 | D:1      | Found a glowing golden altar of the Shining One.
    64 | D:2      | Reached XP level 2. HP: 16/20 MP: 2/7
   221 | D:3      | Noticed Terence
   302 | D:3      | Killed Terence
   302 | D:3      | Reached XP level 3. HP: 12/26 MP: 1/9
   354 | D:3      | Learned a level 3 spell: Vampiric Draining
   792 | D:4      | Noticed a scorpion
   832 | D:3      | Reached XP level 4. HP: 15/33 MP: 0/10
   850 | D:3      | Learned a level 3 spell: Regeneration
  1019 | D:4      | Reached skill level 5 in Necromancy
  1222 | D:4      | Reached XP level 5. HP: 29/38 MP: 8/12
  1255 | D:5      | Entered Level 5 of the Dungeon
  1505 | D:4      | Reached XP level 6. HP: 33/45 MP: 5/13
  2025 | D:6      | Reached XP level 7. HP: 28/50 MP: 6/16
  2220 | D:7      | Found an iron altar of Okawaru.
  2577 | D:7      | Reached XP level 8. HP: 54/57 MP: 13/17
  2598 | D:7      | Noticed Duvessa
  2598 | D:7      | Noticed Dowan
  2750 | D:7      | Killed Dowan
  3130 | D:8      | Noticed a hippogriff
  3140 | D:8      | Killed a hippogriff
  3157 | D:8      | Reached skill level 10 in Necromancy
  3349 | D:9      | Reached skill level 1 in Fighting
  3349 | D:9      | Reached skill level 1 in Armour
  3358 | D:9      | Found a basalt altar of Yredelemnul.
  3361 | D:9      | Found a bloodstained altar of Trog.
  3361 | D:9      | Found a radiant altar of Vehumet.
  3362 | D:9      | Found a glowing golden altar of the Shining One.
  3362 | D:9      | Found a hide-covered altar of Uskayaw.
  3362 | D:9      | Found a hazy altar of Hepliaklqana.
  3362 | D:9      | Found a shattered altar of Ashenzari.
  3363 | D:9      | Found a snail-covered altar of Cheibriados.
  3493 | D:9      | Found an ornate altar of the Wu Jian Council.
  3563 | D:9      | Found a staircase to the Orcish Mines.
  3568 | D:9      | Noticed Maurice
  3569 | D:9      | Noticed Maurice
  3569 | D:9      | Maurice changed into Maurice the wolf
  3577 | D:9      | Killed Maurice the wolf
  3701 | D:9      | Reached XP level 9. HP: 51/68 MP: 14/18
  3783 | D:9      | Noticed a two-headed ogre
  3795 | D:9      | Killed a two-headed ogre
  3802 | D:9      | Learned a level 4 spell: Animate Dead
  3931 | D:10     | Entered Level 10 of the Dungeon
  3931 | D:10     | Noticed vishdafish's ghost (journeyman VSFi)
  4179 | D:10     | Noticed Grum
  4181 | D:10     | Noticed a two-headed ogre
  4196 | D:10     | Killed a two-headed ogre
  4196 | D:10     | Reached skill level 5 in Dodging
  4206 | D:10     | Killed Grum
  4286 | D:10     | Reached skill level 5 in Armour
  4355 | D:10     | Killed vishdafish's ghost
  4355 | D:10     | Reached skill level 5 in Fighting
  4355 | D:10     | Reached XP level 10. HP: 58/81 MP: 19/19
  4470 | D:11     | Identified the Handbook of Flight
  4571 | D:11     | Got a polished flail
  4572 | D:11     | Identified the +7 flail "Zousejui" {freeze, Int+7 Dex-4 Stlth+} (You found it on level 11 of the Dungeon)
  4613 | D:11     | Noticed a four-headed hydra
  4627 | D:11     | Killed a four-headed hydra
  4627 | D:11     | Reached skill level 5 in Spellcasting
  4691 | D:11     | Killed an unseen horror
  4741 | D:11     | Learned a level 9 spell: Tornado
  4767 | D:11     | Reached skill level 1 in Air Magic
  4813 | D:11     | Reached skill level 2 in Air Magic
  4829 | D:11     | Reached skill level 3 in Air Magic
  5057 | D:12     | Noticed a red ugly thing
  5072 | D:12     | Killed a purple ugly thing
  5197 | D:12     | Reached skill level 4 in Air Magic
  5324 | D:13     | Noticed Urug
  5473 | D:12     | Found a glowing golden altar of the Shining One.
  5749 | D:13     | Reached XP level 11. HP: 68/89 MP: 21/24
  5926 | D:13     | Reached skill level 5 in Air Magic
  5927 | D:13     | Noticed an enchanted long sword
  5944 | D:13     | Noticed Rupert
  6108 | D:14     | Noticed a centaur warrior
  6120 | D:14     | Killed a centaur warrior
  6132 | D:14     | Reached skill level 6 in Air Magic
  6227 | D:14     | Noticed a deep elf mage
  6235 | D:14     | Killed a deep elf mage
  6307 | D:14     | Noticed a centaur warrior
  6316 | D:14     | Killed a centaur warrior
  6316 | D:14     | Reached skill level 7 in Air Magic
  6347 | D:14     | Noticed a skeletal warrior
  6355 | D:15     | Entered Level 15 of the Dungeon
  6406 | D:15     | Noticed an unseen horror
  6421 | D:15     | Killed an unseen horror
  6492 | D:15     | Noticed an orc knight
  6494 | D:15     | Noticed a tengu warrior
  6538 | D:14     | Noticed a skeletal warrior
  6666 | D:14     | Reached skill level 8 in Air Magic
  6769 | D:15     | Noticed a two-headed ogre
  6769 | D:15     | Noticed a two-headed ogre
  6826 | D:12     | Noticed Fannar
  6967 | Orc:1    | Entered Level 1 of the Orcish Mines
  7016 | Orc:2    | Entered Level 2 of the Orcish Mines
  7052 | Orc:2    | Noticed an orc knight
  7129 | Orc:2    | Noticed an orc knight
  7138 | Orc:1    | Killed an orc knight
  7294 | Orc:2    | Noticed an orc knight
  7368 | Orc:2    | Noticed an orc warlord
  7519 | Orc:1    | Noticed an orc knight
  7559 | Orc:1    | Killed an orc knight
  7559 | Orc:1    | Reached skill level 9 in Air Magic
  7953 | Orc:1    | Killed an orc knight
  8172 | Orc:1    | Reached XP level 12. HP: 31/96 MP: 15/28
  8263 | Orc:1    | Learned a level 3 spell: Mephitic Cloud
  8411 | Orc:2    | Found Ikyev's Antique Weapon Shoppe.
  8418 | Orc:2    | Found a staircase to the Elven Halls.
  8499 | Orc:2    | Reached skill level 10 in Air Magic
  8503 | Orc:2    | Found Josseq's General Store.
  8532 | Orc:2    | Found Abudghius's Jewellery Shop.
  8542 | Orc:2    | Bought the ring "Zapekk" {Wiz +Blink MR+ MP+9} for 1164 gold pieces
  8798 | Orc:2    | Learned a level 3 spell: Conjure Flame
  8814 | Orc:2    | Found Egigyshott's Antique Armour Shop.
  9117 | Orc:2    | Bought a runed hat for 154 gold pieces
  9117 | Orc:2    | Bought a steaming robe for 125 gold pieces
  9137 | Orc:2    | Identified the cursed +1 robe "Lubaiwov" {+Inv rPois Dex-5} (You bought it in a shop on level 2 of the Orcish Mines)
  9186 | Orc:1    | Noticed Josephine
  9197 | Orc:2    | Killed Josephine
  9197 | Orc:2    | Reached skill level 11 in Air Magic
  9366 | Orc:2    | Slain by a wraith

Vault maps used:
D:1:      dpeg_arrival_pits, tso_altar
D:2:      lemuel_doored_altar
D:3:      cheibrodos_old_hovel, first_ration, uniq_terence
D:4:      kennysheep_goblin_castle
D:5:      minmay_temple_entry_nine_rooms
D:6:      lemuel_round_altar
D:7:      grunt_temple_overflow_gold_and_silver, old_standard_altar,
          uniq_duvessa, uniq_pikel
D:8:      lair_entry_dummy, grunt_livestock, nemelex_dance_club_becter
D:9:      grunt_temple_overflow_open, orc_0_dummy, basic_altar, uniq_maurice
D:10:     uniq_grum
D:11:     minmay_parallelograms
D:12:     basic_altar, lemuel_oklob_altar, uniq_fannar
D:13:     erik_vaults_1, uniq_rupert, uniq_urug
D:14:     serial_bayou_lagoon_a, serial_park_tiny_1
D:15:     grunt_enter_depths_hoard, patterned_corridor, grunt_ministairs_15
Orc:1:    uniq_josephine
Orc:2:    grunt_orc_gardens, grunt_orc_garden, grunt_orc_garden,
          grunt_orc_garden, grunt_orc_garden

Skill      XL: |  1  2  3  4  5  6  7  8  9 10 11 12 |
---------------+-------------------------------------+-----
Spellcasting   | 2 3 4 6 8 9 |  9.2
Necromancy     | 4 5 6 7 8 10 | 10.0
Dodging        | 3 5 6 |  6.1
Fighting       | 2 5 6 |  6.0
Armour         | 2 5 |  5.2
Air Magic      | 4 9 11 | 11.0
Stealth        | |  1.7

Action                   |  1- 3 |  4- 6 |  7- 9 | 10-12 || total
-------------------------+-------+-------+-------+-------++-------
Melee: Flail             |     3 |   115 |    38 |   398 ||   554
       Great mace        |       |       |   239 |    29 ||   268
 Cast: Pain              |    31 |       |     3 |     6 ||    40
       Vampiric Draining |     6 |    24 |    42 |   165 ||   237
       Regeneration      |       |     6 |     7 |    42 ||    55
       Animate Dead      |       |       |     3 |    27 ||    30
Evoke: Wand              |       |       |     1 |    14 ||    15
       Lamp of fire      |       |       |       |     2 ||     2
  Use: Scroll            |     2 |     4 |     5 |     6 ||    17
       Potion            |       |     1 |       |     5 ||     6
 Stab: Sleeping          |       |       |     1 |     1 ||     2
  Eat: Chunk             |       |     7 |    11 |     8 ||    26
       Ration            |       |       |     1 |     5 ||     6
Armor: Ring mail         |     1 |    65 |   236 |   252 ||   554
       Robe              |     1 |       |       |       ||     1
       Skin              |       |       |       |     2 ||     2
Dodge: Dodged            |     9 |    98 |   263 |   460 ||   830

Table legend:
 A = Spawn XP
 B = Non-spawn XP
 C = Spawn XP percentage of total XP
 D = Spawn monster count
 E = Non-spawn monster count
 F = Spawn count percentage of total count
 G = Total turns spent on level
                    A         B        C        D         E        F      G
               +---------+---------+-------+---------+---------+-------+---------
         Total |       0 |   34556 |   0.0 |       0 |     284 |   0.0 |  9366
               +---------+---------+-------+---------+---------+-------+---------
           D:1 |       0 |       2 |   0.0 |       0 |       2 |   0.0 |    25
           D:2 |       0 |      19 |   0.0 |       0 |       5 |   0.0 |   121
           D:3 |       0 |     104 |   0.0 |       0 |      18 |   0.0 |   791
           D:4 |       0 |     250 |   0.0 |       0 |      10 |   0.0 |   461
           D:5 |       0 |     318 |   0.0 |       0 |      15 |   0.0 |   531
           D:6 |       0 |     321 |   0.0 |       0 |      11 |   0.0 |   348
           D:7 |       0 |     808 |   0.0 |       0 |      22 |   0.0 |   557
           D:8 |       0 |     594 |   0.0 |       0 |       6 |   0.0 |   444
           D:9 |       0 |    2299 |   0.0 |       0 |      22 |   0.0 |   805
          D:10 |       0 |    2342 |   0.0 |       0 |      28 |   0.0 |   443
          D:11 |       0 |    4386 |   0.0 |       0 |      32 |   0.0 |   625
          D:12 |       0 |    1141 |   0.0 |       0 |      11 |   0.0 |   492
          D:13 |       0 |    1768 |   0.0 |       0 |      13 |   0.0 |   560
          D:14 |       0 |    6643 |   0.0 |       0 |      27 |   0.0 |   628
          D:15 |       0 |     743 |   0.0 |       0 |       2 |   0.0 |   146
         Orc:1 |       0 |    7549 |   0.0 |       0 |      36 |   0.0 |  1390
         Orc:2 |       0 |    5269 |   0.0 |       0 |      24 |   0.0 |   999
               +---------+---------+-------+---------+---------+-------+---------
